 Dungeon Crawl Stone Soup version 0.30-a0-879-ga8ba668304 (webtiles) character file.

Game seed: 3290673127476449527

16 Indecide the Caller (level 2, -1/19 HPs)
             Began as a Barachi Summoner on Mar 13, 2023.
             Slain by a frilled lizard (2 damage)
             ... on level 2 of the Dungeon.
             The game lasted 00:08:11 (678 turns).

Indecide the Caller (Barachi Summoner)               Turns: 678, Time: 00:08:12

Health: -1/19      AC:  2    Str:  9    XL:     2   Next: 58%
Magic:  2/5        EV: 12    Int: 15    God:
Gold:   33         SH:  5    Dex: 12    Spells: 4/5 levels left

rFire   . . .      SeeInvis .    c - +0 short sword (vamp)
rCold   . . .      Faith    .    (no shield)
rNeg    . . .      Spirit   .    a - +0 robe
rPois   .          Reflect  +    (no helmet)
rElec   .          Rampage  .    (no cloak)
rCorr   .                        (no gloves)
Will    .....                    (no boots)
Stlth   ++                       f - amulet of reflection
HPRegen 0.23/turn                (no ring)
MPRegen 0.09/turn                (no ring)

@: slow
A: amphibious, slowness 1, strong legs 1, +LOS
a: Hop


You were on level 2 of the Dungeon.
You visited 1 branch of the dungeon, and saw 2 of its levels.

You collected 33 gold pieces.

Inventory:

Hand Weapons
 c - a +0 vampiric short sword (weapon)
Missiles
 g - 5 stones (quivered)
Armour
 a - a +0 robe (worn)
 h - a +0 ring mail
Jewellery
 f - an amulet of reflection (around neck)
Scrolls
 d - a scroll of enchant armour {unknown}
Potions
 b - a potion of magic
 e - a potion of lignification {unknown}
 i - a potion of heal wounds {unknown}
 j - a potion of flight {unknown}


   Skills:
 + Level 2.3 Dodging
 + Level 1.9 Stealth
 + Level 2.4 Spellcasting
 + Level 5.3 Summonings


You had 4 spell levels left.
You knew the following spells:

 Your Spells              Type           Power      Damage    Failure   Level
a - Summon Small Mammal   Summ           68%        N/A       2%          1

Your spell library contained the following spells:

 Spells                   Type           Power      Damage    Failure   Level
 Call Imp                 Summ           17%        N/A       3%          2
 Call Canine Familiar     Summ           17%        N/A       7%          3
 Summon Guardian Golem    Hex/Summ       9%         N/A       22%         3
 Summon Lightning Spire   Summ/Air       9%         N/A       56%         4


Dungeon Overview and Level Annotations

Branches:
Dungeon (2/15)

Altars:


Innate Abilities, Weirdness & Mutations

You are amphibious.
You cover ground slowly.
You can hop short distances.
You have an extended range of vision and can be seen from far away.


Message History

You hit the quokka but do no damage.
The quokka is severely wounded.
You block the quokka's attack. The frilled lizard misses you.
The frilled lizard bites you but does no damage.
The frilled lizard closely misses you.
You completely miss the quokka.
The quokka is severely wounded.
The quokka closely misses you. The frilled lizard closely misses you.
The frilled lizard bites you but does no damage.
You block the frilled lizard's attack. The quokka bites you.
You barely miss the quokka.
The quokka is severely wounded.
You are ready to hop once more.
The frilled lizard bites you. The frilled lizard closely misses you.
The frilled lizard bites you.
* * * LOW HITPOINT WARNING * * *
The quokka barely misses you.
You hit the frilled lizard.
You feel better.
You kill the frilled lizard!
The frilled lizard misses you. The frilled lizard bites you.
* * * LOW HITPOINT WARNING * * *
You block the quokka's attack.
You miss the frilled lizard.
The frilled lizard bites you but does no damage.
The frilled lizard bites you.
* * * LOW HITPOINT WARNING * * *
The frilled lizard closely misses you. You block the quokka's attack.
You completely miss the frilled lizard. The quokka closely misses you.
The frilled lizard bites you but does no damage. x2
The frilled lizard closely misses you.
You hit the frilled lizard.
You feel better.
You kill the frilled lizard!
The quokka closely misses you.
The frilled lizard bites you but does no damage.
You block the frilled lizard's attack. The quokka bites you.
* * * LOW HITPOINT WARNING * * *
You hit the frilled lizard but do no damage.
The frilled lizard completely misses you.
The frilled lizard barely misses you. The frilled lizard bites you.
You die...

#.........#.#...#.
#.........#.......
##................
##.!.....##...##..
..................
##......hhg....:..
#......#h#.......
#......#r###.#...
##!#.###@# ....
#.....llll.# ..r
#.....lKl.>.# ##
#.............
#!..............
#..............[.
#....~~~~........
#...~~~~~~.......
#...~~~~~~.......


You could see a quokka, 3 jackals, a hobgoblin, a kobold and 6 frilled lizards.

Vanquished Creatures
  2 jackals
  2 kobolds (D:1)
  A ball python (D:1)
  A bat (D:1)
  2 frilled lizards (D:2)
8 creatures vanquished.

Vanquished Creatures (collateral kills)
  A bat (D:1)
  An endoplasm (D:1)
  A giant cockroach (D:1)
  A jackal (D:1)
  2 kobolds (D:1)
  A ball python (D:1)
  A goblin (D:1)
8 creatures vanquished.

Grand Total: 16 creatures vanquished

Notes
Turn   | Place    | Note
-------+----------+-------------------------------------------
     0 | D:1      | Indecide the Barachi Summoner began the quest for the Orb.
     0 | D:1      | Reached XP level 1. HP: 13/13 MP: 3/3
    46 | D:1      | Reached skill level 5 in Summonings
   144 | D:1      | Reached XP level 2. HP: 19/19 MP: 5/5
   678 | D:2      | Slain by a frilled lizard

Illustrated notes

Levels and vault maps discovered:
D:1:      tarquinn_simple_flora_water_f, layout_basic
D:2:      layout_rooms, minmay_lizard_pond

Skill      XL: |  1 |
---------------+----+-----
Summonings     | 5 |  5.3
Dodging        | |  2.3
Stealth        | |  1.9
Spellcasting   | |  2.4

Action                     || total
---------------------------++-------
  Melee: Unarmed           ||     9
         Short sword       ||    27
  Throw: Stone             ||     1
   Cast: Summon Small Mamm ||    24
Ability: Hop               ||     1
 Armour: Robe              ||    14
  Dodge: Dodged            ||    45
  Block: Other             ||    15

Table legend: (Time is in decaauts)
 A = Elapsed time spent in this place.
 B = Non-inter-level travel time spent in this place.
 C = Inter-level travel time spent in this place.
 D = Time resting spent in this place.
 E = Time spent auto-exploring this place.
 F = Levels seen in this place.
 G = Mean time per level.
                   A        B        C        D        E       F      G
               +--------+--------+--------+--------+--------+-----+--------+
         Total |    770 |    770 |      0 |     20 |    366 |   2 |  385.0 |
       Dungeon |    770 |    770 |      0 |     20 |    366 |   2 |  385.0 |
               +--------+--------+--------+--------+--------+-----+--------+

Top non-repeatable levels by time:
     D:1: 737 daAuts
     D:2: 33 daAuts
